[ AOE2 MATCH · #508367324 ]
UnrankedSpanish vs Franks
Player's team · WIN
Rival team · LOSS
[ REPLAY ANALYSIS · EXTRACTED FROM THE RECORDED GAME ]
Feudal
10:36
Castle
15:09
Imperial
41:03
| APM avg | 34.0 |
| APM peak | 79 |
| eAPM avg | 14.4 |
| Villagers / military | 75 / 68 |
Focus
⚔️ 31.3% · 🌾 68.7%
Conquistador ×58 · Battering Ram ×8 · Trebuchet (Packed) ×2
Feudal
9:25
Castle
21:10
Imperial
—
| APM avg | 58.3 |
| APM peak | 90 |
| eAPM avg | 29.9 |
| Villagers / military | 165 / 69 |
Focus
⚔️ 26.1% · 🌾 73.9%
Knight ×31 · Mangonel ×15 · Scout Cavalry ×11 · Scorpion ×7 · Monk ×4 · Throwing Axeman ×1
Match map
Initial resources + every placement click. Lines = walls · curves = elevation contours. ◆ gold · ⬟ stone · ● berries · ✦ relic · ◌ wall gap
Your base· Open — unwalled flank
demon's base· Open — 3t gap
Smoothed initial terrain · ◌ = detected wall gap · hover for details
Inputs per minute
— AttiladaHun - - demon
Build order — AttiladaHun
First 150 of 241 actions detected
| 0:00 | Queue | Villager (Male) |
| 0:01 | Queue | Villager (Male) |
| 0:01 | Queue | Villager (Male) |
| 0:01 | Queue | Villager (Male) |
| 0:02 | Build | House |
| 0:04 | Build | House |
| 1:32 | Queue | Villager (Male) |
| 1:32 | Queue | Villager (Male) |
| 1:33 | Queue | Villager (Male) |
| 2:02 | Queue | Villager (Male) |
| 2:03 | Queue | Villager (Male) |
| 2:14 | Queue | Villager (Male) |
| 2:14 | Queue | Villager (Male) |
| 2:16 | Build | Lumber Camp |
| 3:01 | Queue | Villager (Male) |
| 3:01 | Queue | Villager (Male) |
| 3:07 | Queue | Villager (Male) |
| 3:08 | Queue | Villager (Male) |
| 3:41 | Queue | Villager (Male) |
| 3:42 | Queue | Villager (Male) |
| 3:42 | Queue | Villager (Male) |
| 3:56 | Build | House |
| 3:58 | Build | House |
| 4:18 | Queue | Villager (Male) |
| 4:52 | Queue | Villager (Male) |
| 4:53 | Queue | Villager (Male) |
| 5:01 | Build | Mill |
| 5:22 | Queue | Villager (Male) |
| 5:22 | Queue | Villager (Male) |
| 5:34 | Queue | Villager (Male) |
| 5:59 | Queue | Villager (Male) |
| 6:33 | Queue | Villager (Male) |
| 6:33 | Queue | Villager (Male) |
| 6:33 | Queue | Villager (Male) |
| 6:40 | Research | Loom |
| 7:15 | Build | Mining Camp |
| 8:08 | Research | Feudal Age |
| 8:15 | Queue | Villager (Male) |
| 8:15 | Queue | Villager (Male) |
| 10:02 | Build | Palisade Wall |
| 10:03 | Build | Palisade Wall |
| 10:14 | Build | Palisade Wall |
| 10:22 | Build | Palisade Wall |
| 10:34 | Build | House |
| 10:35 | Build | Palisade Wall |
| 10:36 | Age | Feudal Age |
| 10:40 | Build | Palisade Wall |
| 10:41 | Build | Palisade Wall |
| 11:19 | Build | Mining Camp |
| 11:30 | Build | Market |
| 11:39 | Build | Blacksmith |
| 12:29 | Research | Castle Age |
| 12:39 | Build | Palisade Wall |
| 12:42 | Build | Palisade Wall |
| 12:44 | Build | Palisade Wall |
| 12:46 | Build | Palisade Wall |
| 12:50 | Build | Palisade Wall |
| 12:53 | Build | Palisade Wall |
| 13:22 | Build | Palisade Wall |
| 14:30 | Build | Palisade Wall |
| 14:33 | Build | Palisade Wall |
| 15:09 | Age | Castle Age |
| 15:29 | Build | Palisade Wall |
| 15:34 | Build | Castle |
| 16:14 | Queue | Villager (Male) |
| 16:17 | Research | Double-Bit Axe |
| 16:45 | Queue | Conquistador |
| 16:45 | Queue | Conquistador |
| 16:45 | Queue | Conquistador |
| 16:58 | Build | Farm |
| 16:59 | Build | Farm |
| 17:00 | Build | Farm |
| 17:02 | Build | Farm |
| 17:05 | Build | Farm |
| 17:07 | Build | Farm |
| 17:09 | Build | Farm |
| 17:40 | Build | Farm |
| 17:42 | Build | Farm |
| 17:44 | Build | Farm |
| 17:48 | Build | Farm |
| 17:50 | Build | Farm |
| 17:53 | Build | Farm |
| 17:56 | Queue | Villager (Male) |
| 17:59 | Queue | Conquistador |
| 17:59 | Queue | Conquistador |
| 17:59 | Queue | Conquistador |
| 18:27 | Queue | Conquistador |
| 18:27 | Queue | Conquistador |
| 18:28 | Queue | Conquistador |
| 18:52 | Build | Mining Camp |
| 18:55 | Queue | Villager (Male) |
| 18:55 | Queue | Villager (Male) |
| 19:10 | Queue | Villager (Male) |
| 19:14 | Queue | Conquistador |
| 19:14 | Queue | Conquistador |
| 19:48 | Queue | Conquistador |
| 19:57 | Build | Siege Workshop |
| 19:59 | Queue | Villager (Male) |
| 20:28 | Build | Palisade Wall |
| 20:29 | Build | Palisade Wall |
| 20:33 | Build | Palisade Wall |
| 20:36 | Queue | Villager (Male) |
| 20:38 | Queue | Villager (Male) |
| 20:45 | Queue | Villager (Male) |
| 21:02 | Queue | Conquistador |
| 21:16 | Queue | Villager (Male) |
| 21:23 | Queue | Battering Ram |
| 21:23 | Queue | Battering Ram |
| 21:23 | Queue | Battering Ram |
| 21:25 | Queue | Conquistador |
| 21:25 | Queue | Conquistador |
| 21:25 | Queue | Conquistador |
| 21:47 | Build | House |
| 21:52 | Build | Palisade Wall |
| 21:56 | Build | Palisade Wall |
| 21:59 | Queue | Villager (Male) |
| 22:17 | Queue | Conquistador |
| 22:17 | Queue | Conquistador |
| 22:21 | Queue | Conquistador |
| 22:34 | Queue | Conquistador |
| 22:34 | Queue | Conquistador |
| 22:35 | Queue | Conquistador |
| 23:38 | Queue | Conquistador |
| 23:38 | Queue | Conquistador |
| 23:47 | Build | Lumber Camp |
| 23:49 | Queue | Villager (Male) |
| 23:49 | Queue | Villager (Male) |
| 23:50 | Queue | Villager (Male) |
| 23:50 | Queue | Villager (Male) |
| 24:03 | Queue | Villager (Male) |
| 24:23 | Queue | Villager (Male) |
| 24:35 | Queue | Conquistador |
| 24:36 | Queue | Conquistador |
| 24:50 | Build | Mining Camp |
| 24:50 | Queue | Villager (Male) |
| 24:51 | Queue | Villager (Male) |
| 25:08 | Queue | Conquistador |
| 25:08 | Queue | Conquistador |
| 25:40 | Queue | Conquistador |
| 25:41 | Queue | Conquistador |
| 25:41 | Queue | Conquistador |
| 25:41 | Queue | Conquistador |
| 25:55 | Research | Horse Collar |
| 25:56 | Research | Horse Collar |
| 25:56 | Research | Horse Collar |
| 25:59 | Build | House |
| 26:00 | Build | House |
| 26:06 | Queue | Villager (Male) |
| 27:18 | Queue | Villager (Male) |
| 27:20 | Queue | Villager (Male) |
Build order — demon
First 150 of 437 actions detected
| 0:01 | Queue | Villager (Male) |
| 0:03 | Build | House |
| 0:04 | Build | House |
| 0:04 | Queue | Villager (Male) |
| 0:05 | Queue | Villager (Male) |
| 0:07 | Queue | Villager (Male) |
| 1:30 | Queue | Villager (Male) |
| 1:30 | Queue | Villager (Male) |
| 2:02 | Queue | Villager (Male) |
| 2:02 | Queue | Villager (Male) |
| 2:06 | Build | Lumber Camp |
| 2:26 | Queue | Villager (Male) |
| 2:26 | Queue | Villager (Male) |
| 2:53 | Queue | Villager (Male) |
| 2:53 | Queue | Villager (Male) |
| 2:53 | Queue | Villager (Male) |
| 3:13 | Queue | Villager (Male) |
| 3:13 | Queue | Villager (Male) |
| 3:25 | Build | House |
| 3:32 | Build | House |
| 3:48 | Queue | Villager (Male) |
| 3:49 | Queue | Villager (Male) |
| 4:05 | Queue | Villager (Male) |
| 4:06 | Queue | Villager (Male) |
| 4:06 | Queue | Villager (Male) |
| 4:19 | Build | Mill |
| 5:03 | Queue | Villager (Male) |
| 5:03 | Queue | Villager (Male) |
| 5:19 | Queue | Villager (Male) |
| 5:19 | Queue | Villager (Male) |
| 5:19 | Queue | Villager (Male) |
| 5:33 | Queue | Villager (Male) |
| 5:33 | Queue | Villager (Male) |
| 5:39 | Build | House |
| 5:51 | Research | Loom |
| 5:51 | Research | Loom |
| 5:51 | Research | Loom |
| 6:16 | Build | Palisade Wall |
| 7:15 | Research | Feudal Age |
| 7:15 | Research | Feudal Age |
| 7:15 | Research | Feudal Age |
| 7:27 | Queue | Villager (Male) |
| 7:27 | Queue | Villager (Male) |
| 7:43 | Build | Barracks |
| 8:00 | Build | Palisade Wall |
| 8:01 | Build | Palisade Wall |
| 8:02 | Build | Palisade Wall |
| 8:03 | Build | Palisade Wall |
| 8:10 | Queue | Villager (Male) |
| 8:11 | Queue | Villager (Male) |
| 8:13 | Build | House |
| 9:21 | Build | Palisade Wall |
| 9:23 | Build | Palisade Wall |
| 9:24 | Build | Palisade Wall |
| 9:25 | Age | Feudal Age |
| 9:29 | Build | Stable |
| 9:31 | Research | Double-Bit Axe |
| 9:32 | Research | Double-Bit Axe |
| 9:32 | Research | Double-Bit Axe |
| 9:32 | Queue | Villager (Male) |
| 9:33 | Queue | Villager (Male) |
| 9:33 | Queue | Villager (Male) |
| 10:04 | Build | House |
| 10:16 | Queue | Villager (Male) |
| 10:18 | Build | Farm |
| 10:20 | Build | Farm |
| 10:25 | Queue | Scout Cavalry |
| 10:25 | Queue | Scout Cavalry |
| 10:25 | Queue | Scout Cavalry |
| 10:45 | Build | Outpost |
| 10:55 | Build | Farm |
| 11:00 | Build | Farm |
| 11:03 | Queue | Scout Cavalry |
| 11:09 | Build | Outpost |
| 11:17 | Queue | Villager (Male) |
| 11:17 | Queue | Villager (Male) |
| 11:20 | Build | Farm |
| 11:24 | Build | Farm |
| 11:40 | Queue | Scout Cavalry |
| 11:44 | Build | Farm |
| 12:09 | Queue | Scout Cavalry |
| 12:10 | Queue | Scout Cavalry |
| 12:25 | Build | Watch Tower |
| 12:36 | Queue | Villager (Male) |
| 12:36 | Queue | Villager (Male) |
| 12:36 | Queue | Villager (Male) |
| 12:36 | Queue | Villager (Male) |
| 12:51 | Build | Mining Camp |
| 13:20 | Queue | Scout Cavalry |
| 13:21 | Queue | Scout Cavalry |
| 13:21 | Queue | Scout Cavalry |
| 13:21 | Queue | Scout Cavalry |
| 13:30 | Build | Farm |
| 13:33 | Build | Farm |
| 13:51 | Queue | Villager (Male) |
| 13:52 | Queue | Villager (Male) |
| 13:52 | Queue | Villager (Male) |
| 13:56 | Build | House |
| 13:58 | Build | House |
| 14:21 | Research | Wheelbarrow |
| 14:21 | Research | Wheelbarrow |
| 14:21 | Research | Wheelbarrow |
| 14:24 | Build | House |
| 14:31 | Build | Watch Tower |
| 14:37 | Queue | Villager (Male) |
| 14:42 | Build | House |
| 14:45 | Build | Stone Wall |
| 14:58 | Build | Farm |
| 15:04 | Build | Mining Camp |
| 15:08 | Build | House |
| 15:13 | Build | Market |
| 15:31 | Build | House |
| 15:57 | Build | Outpost |
| 16:09 | Build | Stone Wall |
| 16:13 | Build | Stone Wall |
| 16:16 | Build | Stone Wall |
| 16:27 | Queue | Villager (Male) |
| 16:28 | Queue | Villager (Male) |
| 16:28 | Queue | Villager (Male) |
| 16:35 | Build | Gate |
| 16:37 | Build | Blacksmith |
| 16:46 | Build | Outpost |
| 17:09 | Build | House |
| 17:21 | Build | Watch Tower |
| 17:24 | Build | Stone Wall |
| 17:25 | Build | Stone Wall |
| 17:27 | Build | Stone Wall |
| 17:28 | Build | Stone Wall |
| 17:28 | Build | Stone Wall |
| 17:37 | Queue | Villager (Male) |
| 18:02 | Build | Stone Wall |
| 18:08 | Research | Town Watch |
| 18:08 | Research | Town Watch |
| 18:30 | Research | Castle Age |
| 18:30 | Research | Castle Age |
| 18:30 | Research | Castle Age |
| 18:34 | Build | Stone Wall |
| 18:35 | Build | Stone Wall |
| 18:36 | Build | Stone Wall |
| 18:37 | Build | Stone Wall |
| 19:05 | Build | Stone Wall |
| 19:47 | Build | House |
| 19:51 | Build | House |
| 19:59 | Build | Stone Wall |
| 20:08 | Build | Stable |
| 20:09 | Build | House |
| 20:11 | Build | Stone Wall |
| 20:24 | Research | Town Watch |
| 20:24 | Research | Town Watch |
| 20:26 | Research | Scale Barding Armor |
Match timeline
| 6:16 | demon · wall_segment Palisade Wall x4 |
| 7:43 | demon · first_building Barracks |
| 8:00 | demon · wall_segment Palisade Wall x1 |
| 8:01 | demon · wall_segment Palisade Wall x1 |
| 8:02 | demon · wall_segment Palisade Wall x1 |
| 8:03 | demon · wall_segment Palisade Wall x1 |
| 9:21 | demon · wall_segment Palisade Wall x1 |
| 9:23 | demon · wall_segment Palisade Wall x1 |
| 9:24 | demon · wall_segment Palisade Wall x1 |
| 9:25 | demon · age_up feudal |
| 9:29 | demon · first_building Stable |
| 10:02 | AttiladaHun · wall_segment Palisade Wall x1 |
| 10:03 | AttiladaHun · wall_segment Palisade Wall x1 |
| 10:14 | AttiladaHun · wall_segment Palisade Wall x1 |
| 10:22 | AttiladaHun · wall_segment Palisade Wall x1 |
| 10:35 | AttiladaHun · wall_segment Palisade Wall x1 |
| 10:36 | AttiladaHun · age_up feudal |
| 10:40 | AttiladaHun · wall_segment Palisade Wall x1 |
| 10:41 | AttiladaHun · wall_segment Palisade Wall x4 |
| 12:39 | AttiladaHun · wall_segment Palisade Wall x1 |
| 12:42 | AttiladaHun · wall_segment Palisade Wall x1 |
| 12:44 | AttiladaHun · wall_segment Palisade Wall x1 |
| 12:46 | AttiladaHun · wall_segment Palisade Wall x1 |
| 12:50 | AttiladaHun · wall_segment Palisade Wall x1 |
| 12:53 | AttiladaHun · wall_segment Palisade Wall x1 |
| 13:22 | AttiladaHun · wall_segment Palisade Wall x1 |
| 14:30 | AttiladaHun · wall_segment Palisade Wall x1 |
| 14:33 | AttiladaHun · wall_segment Palisade Wall x1 |
| 14:45 | demon · wall_segment Stone Wall x1 |
| 15:09 | AttiladaHun · age_up castle |
| 15:29 | AttiladaHun · wall_segment Palisade Wall x1 |
| 15:34 | AttiladaHun · first_building Castle |
| 16:09 | demon · wall_segment Stone Wall x1 |
| 16:13 | demon · wall_segment Stone Wall x1 |
| 16:16 | demon · wall_segment Stone Wall x1 |
| 17:24 | demon · wall_segment Stone Wall x3 |
| 17:25 | demon · wall_segment Stone Wall x2 |
| 17:27 | demon · wall_segment Stone Wall x2 |
| 17:28 | demon · wall_segment Stone Wall x3 |
| 17:28 | demon · wall_segment Stone Wall x1 |
| 17:39 | demon · first_market_sell 100 wood |
| 17:42 | demon · first_market_buy 100 food |
| 18:02 | demon · wall_segment Stone Wall x12 |
| 18:34 | demon · wall_segment Stone Wall x2 |
| 18:35 | demon · wall_segment Stone Wall x2 |
| 18:36 | demon · wall_segment Stone Wall x1 |
| 18:37 | demon · wall_segment Stone Wall x1 |
| 19:05 | demon · wall_segment Stone Wall x9 |
| 19:57 | AttiladaHun · first_building Siege Workshop |
| 19:59 | demon · wall_segment Stone Wall x3 |
| 20:11 | demon · wall_segment Stone Wall x1 |
| 20:28 | AttiladaHun · wall_segment Palisade Wall x1 |
| 20:29 | AttiladaHun · wall_segment Palisade Wall x1 |
| 20:33 | AttiladaHun · wall_segment Palisade Wall x5 |
| 21:10 | demon · age_up castle |
| 21:52 | AttiladaHun · wall_segment Palisade Wall x4 |
| 21:56 | AttiladaHun · wall_segment Palisade Wall x4 |
| 22:10 | demon · wall_segment Stone Wall x5 |
| 22:39 | demon · first_building Monastery |
| 25:28 | demon · wall_segment Stone Wall x7 |
| 25:59 | demon · first_building Siege Workshop |
| 29:57 | AttiladaHun · wall_segment Palisade Wall x1 |
| 30:30 | AttiladaHun · wall_segment Palisade Wall x1 |
| 31:33 | AttiladaHun · first_market_buy 500 food |
| 32:29 | demon · wall_segment Stone Wall x8 |
| 32:38 | demon · wall_segment Stone Wall x2 |
| 33:08 | demon · first_building Castle |
| 34:39 | demon · wall_segment Stone Wall x1 |
| 39:23 | demon · wall_segment Palisade Wall x1 |
| 41:03 | AttiladaHun · age_up imperial |
| 41:25 | demon · resign |
[ AI ANALYSIS · 1 CREDIT ]
What really happened in this match?
Wolo.gg analyzes every decision: build order, eco, micro, common mistakes by bracket. Personalized analysis on WhatsApp or Discord in 30 seconds.
Civ guide
Spanish
Perfil
Jugador #6850975